AoeStats
← eugenioragni1

Hill Fort

505467852Analyzed
3v3 RM · 21d ago on Sep 9, 2026· 25m 37s· 6 players
Game mode
Random Map
Map size
Normal (6 player)
Population
200
Speed
Normal
Resources
Standard
Victory
Conquest
Starting age
Dark Age
Ending age
Imperial Age
RankedLock teamsTeams togetherTeam positionsShared explorationLock speedFull tech treeHidden civsTurbo modeCheats
Victory
Defeat
🇮🇹 Khitans · Italy
850
+15
🇹🇷 Tatars · Türkiye
834
+16
🇦🇷 Mongols · Argentina
813
+17
🇩🇪 Hindustanis · Germany
902
-55
🇦🇷 Burmese · Argentina
837
-16
🇺🇸 Koreans · United States
749
-13
PycHOPTER
2:02 Loom
13:17 Feudal Age
13:55 Double-Bit Axe
22:22 Castle Age
20:38 Man-at-Arms
25:16 Crossbowman
eugenioragni1
11:49 Feudal Age
16:48 Wheelbarrow
16:14 Domestication
16:42 Double-Bit Axe
17:20 Gold Mining
20:05 Castle Age
24:51 Bow Saw
IP_HzX
0:33 Loom
2:09 Loom
11:14 Feudal Age
11:59 Double-Bit Axe
14:13 Wheelbarrow
14:43 Horse Collar
20:45 Castle Age
21:02 Crossbowman
21:06 Pikeman
25:13 Fletching
25:24 Padded Archer Armor
25:30 Scale Barding Armor
25:36 Forging
runswithbeer644
12:02 Feudal Age
12:34 Double-Bit Axe
18:43 Castle Age
17:30 Horse Collar
21:03 Bow Saw
20:55 Heavy Plow
21:41 Wheelbarrow
20:56 Loom
23:56 Stone Mining
24:00 Gold Mining
25:25 Fletching
25:41 Scale Barding Armor
FrankSteel9190
10:47 Feudal Age
11:42 Horse Collar
14:35 Double-Bit Axe
15:19 Loom
20:38 Castle Age
20:59 Wheelbarrow
21:41 Caravan
23:54 Loom
GSSC146961
0:41 Loom
15:28 Feudal Age
16:45 Wheelbarrow
15:59 Town Watch
15:55 Horse Collar
16:06 Gold Mining
15:42 Man-at-Arms
17:20 Arson
18:15 Scale Mail Armor
20:42 Fletching
21:08 Forging
22:27 Scale Barding Armor
26:03 Castle Age
25:57 Fletching
26:10 Padded Archer Armor
Connection lost

Rejoining the realm…

Still unreachable

The connection could not be restored.

Session expired

The server has moved on; the page needs a fresh start.